cohdb
Replays
Latest Replays
All Replays
Popular Replays
Top Player Replays
Match Explorer
How It Works
Community
CoH3 Stats
Reddit
Sign in to upload your games and track your stats! →
Sign in with Steam
Match 43641116
Unlisted
Match 43641116
Overview
Messages
Build Orders
End
Kradschützen Motorcycle Team
Panzergrenadier Squad
Selects Italian Infantry
Panzergrenadier Squad
Construct Light Support Kompanie
MG34 Team
2.5-tonne Medical Truck
Construct Mechanized Kompanie
Panzerjäger Mechanized Group
8 Rad Armored Car
Selects Guastatori Squad
Selects Registered Artillery
Guastatori Squad
OFw.Meyer
Moltke1871
thedoctorbos
o3vrwy8nz6
0
0
Comments
sign in to comment!
No comments posted yet!